 Dungeon Crawl Stone Soup version 0.31-a0-851-g7ff8af7976 (webtiles) character file.

Game seed: 8078525797770753477

3118 croobank the Covert (level 9, -10/61 HPs)
             Began as an Octopode Ice Elementalist on Oct 7, 2023.
             Was an Initiate of Gozag.
             Hit by a large rock thrown by a cyclops (30 damage)
             ... on level 8 of the Dungeon.
             The game lasted 00:23:27 (8193 turns).

croobank the Covert (Octopode Ice Elementalist)     Turns: 8193, Time: 00:23:27

Health: -10/61     AC:  7    Str:  7    XL:     9   Next: 91%
Magic:  8/17       EV: 15    Int: 21    God:    Gozag
Gold:   364        SH:  0    Dex: 13    Spells: 8/19 levels left

rFire   . . .        m - +2 short sword (venom)
rCold   . . .        (no shield)
rNeg    . . .        H - +2 hat
rPois   +            o - amulet of regeneration
rElec   .            n - ring of flight
rCorr   .            t - ring of poison resistance
SInv    .            L - +4 ring of protection
Will    .....        (no ring)
Stlth   +++++        (no ring)
HPRegen 1.10/turn    (no ring)
MPRegen 0.15/turn    (no ring)
                     (no ring)

%: no passive effects
@: gold aura, freezing walls, flying, very slightly contaminated
A: almost no armour, amphibious, 8 rings, camouflage 1, gelatinous body 1,
(nimble swimmer 1), tentacles
a: Renounce Religion, Potion Petition, Call Merchant, Bribe Branch


You were on level 8 of the Dungeon.
You worshipped Gozag.
Gozag was aware of your devotion.
You visited 2 branches of the dungeon, and saw 9 of its levels.
You also visited: Sewer.

You collected 472 gold pieces.
You paid 108 gold pieces to Gozag.

Inventory:

Hand Weapons
 f - a +0 dagger
 m - a +2 short sword of venom (weapon)
 s - a +0 broad axe
 v - a +3 hand axe
 y - a +2 flail of protection
 z - a +0 trident
 K - a +0 scimitar
Missiles
 r - 4 curare-tipped darts (quivered)
 u - 12 poisoned darts
Armour
 p - a +1 tower shield
 H - a +2 hat (worn)
Magical Staves
 h - a staff of poison
Jewellery
 n - a ring of flight (left tentacle)
 o - an amulet of regeneration (around mantle)
 t - a ring of poison resistance (right tentacle)
 L - a +4 ring of protection (on tentacle)
Talismans
 x - a blade talisman
Scrolls
 d - 2 scrolls of revelation
 e - 2 scrolls of enchant armour
 i - a scroll of immolation {unknown}
 j - 3 scrolls of teleportation
 l - 2 scrolls of fear {unknown}
 A - a scroll of torment {unknown}
 F - 2 scrolls of poison {unknown}
 I - a scroll of silence {unknown}
Potions
 a - a potion of magic
 b - 4 potions of haste
 c - 3 potions of attraction
 g - 5 potions of curing
 k - 2 potions of enlightenment
 q - 2 potions of mutation
 B - 2 potions of brilliance {unknown}
 C - a potion of might {unknown}
 D - 2 potions of cancellation {unknown}
 E - a potion of resistance {unknown}
 G - a potion of lignification {unknown}


   Skills:
 + Level 5.4 Fighting
 * Level 6.6 Dodging
 * Level 9.3 Stealth
 + Level 5.5 Spellcasting
 + Level 3.9 Summonings
 + Level 6.1 Ice Magic


You had 8 spell levels left.
You knew the following spells:

 Your Spells              Type           Power      Damage    Failure   Level
a - Freeze                Ice            100%       1d10      1%          1
b - Frozen Ramparts       Ice            62%        1d10      2%          3
c - Ozocubu's Armour      Ice            31%        N/A       2%          3
d - Summon Ice Beast      Ice/Summ       27%        N/A       13%         4

Your spell library contained the following spells:

 Spells                   Type           Power      Damage    Failure   Level
 Ensorcelled Hibernation  Hex/Ice        36%        N/A       4%          2
 Jinxbite                 Hex            10%        N/A       16%         2
 Anguish                  Hex/Necr       2%         N/A       71%         4


Dungeon Overview and Level Annotations

Branches:
Dungeon (8/15)             Temple (1/1) D:6           Sewer (visited)
   Lair: D:8-11

Altars:
Ashenzari
Dithmenos
Elyvilon
Fedhas
Gozag
Qazlal
Ru
Sif Muna
Uskayaw
Wu Jian
Yredelemnul
Zin
The Shining One

Annotations:
D:8 Grum


Innate Abilities, Weirdness & Mutations

You cannot wear most types of armour.
You are amphibious.
You can wear up to eight rings at the same time.
Your skin changes colour to match your surroundings (Stealth+).
Your rubbery body absorbs attacks. (AC +1, EV +1)
((You are camouflaged when in or above water. (Stealth+)))
You have tentacles for arms and can constrict up to eight enemies at once.


Message History

The wolf is severely wounded.
You constrict the wolf.
The wall freezes the wolf.
The wolf bites you.
The wall freezes Grum.
Grum hits you but does no damage.
The wall freezes the wolf.
You kill the wolf!
The wall freezes the cyclops!
The cyclops is distracted by your dazzling golden aura.
Throw: 5 darts (curare)
Press: ? - help, Q - select action, (/) - cycle Shift-Dir - straight line, f - cyclops
Aim: a cyclops, quivering large rocks (lightly wounded, unaware, hasn't noticed you, 85% to hit)
You throw a curare-tipped dart.
The curare-tipped dart hits the cyclops.
The cyclops is poisoned.
The cyclops convulses.
The cyclops seems to slow down.
The cyclops is no longer distracted by gold.
The cyclops shouts!
The cyclops is moderately wounded.
The wall freezes Grum but does no damage.
Grum hits you from afar with a -1 spear!
* * * LOW HITPOINT WARNING * * *
You feel much better.
The wall freezes Grum!
Grum hits you from afar with a -1 spear!
What are your orders? t - Shout!
Orders for allies: a - Attack new target. p - Attack previous target. r - Retreat! s - Stop attacking. g - Guard the area. f - Follow me.
Anything else - Cancel.
Gang up on whom?
Press: ? - help, Dir - move target, f/p - cyclops
Aim: a cyclops, quivering large rocks (moderately wounded, very poisoned, slow)
Okay, then.
Casting: Ozocubu's Armour (dangerous; 2% risk of failure)
Confirm with . or Enter, or press ? or * to list all spells.
A chill wind blows around you.
The wall freezes Grum but does no damage.
Grum hits you from afar with a -1 spear!
The wall freezes the cyclops but does no damage.
The cyclops throws a large rock.
The large rock hits you!!
You die...
Your body crumbles into a pile of gold.

#### #.. . # #.. .#.
##.. ... ##gC #.#
...###.$## #.#
......$@.## #.#
..######Y.####.####..#
##$....8.....#
#..####.####..#.#
....## #.# # ..# ##..#
#"# .###.. ##..
##.###....
##...##...##...# #
....#.....#..# .#


You could see a cyclops (very poisoned, slow), Grum (ally target) and a friendly
ice beast (summoned).

Vanquished Creatures
  Maggie (D:7)
  A wyvern (D:7)
  A wraith (D:8)
  A vampire mosquito (D:8)
  A steam dragon (D:7)
  Edmund (D:4)
  An acid dragon (D:6)
  2 sky beasts
  2 ice beasts
  An ogre (D:6)
  2 wolves (D:8)
  A centaur (D:6)
  A phantom (D:7)
  4 scorpions
  A howler monkey (D:5)
  3 hounds
  5 orc priests
  A gnoll bouda (D:5)
  A jelly (D:7)
  3 iguanas
  A sleepcap (D:8)
  5 orc wizards
  15 gnolls
  11 river rats
  7 adders
  A shadow imp (D:7)
  2 white imps (D:6)
  An ufetubus (D:7)
  2 worms (D:2)
  5 dart slugs
  31 orcs
  11 ball pythons
  2 bats (D:3)
  11 endoplasms
  A giant cockroach (D:1)
  3 goblins
  7 hobgoblins
  4 jackals (D:1)
  25 kobolds
  5 quokkas
  4 frilled lizards
  25 rats
213 creatures vanquished.

Vanquished Creatures (collateral kills)
  A nameless horror (D:7)
1 creature vanquished.

Grand Total: 214 creatures vanquished

Notes
Turn   | Place    | Note
-------+----------+-------------------------------------------
     0 | D:1      | croobank the Octopode Ice Elementalist began the quest for
                  | the Orb.
     0 | D:1      | Reached XP level 1. HP: 11/11 MP: 3/3
    99 | D:1      | Reached skill level 3 in Stealth
   143 | D:1      | Reached XP level 2. HP: 12/17 MP: 1/5
   817 | D:1      | Reached XP level 3. HP: 19/21 MP: 3/6
   866 | D:1      | Learned a level 3 spell: Frozen Ramparts
  1653 | D:2      | Found a shadowy altar of Dithmenos.
  1897 | D:2      | Reached skill level 1 in Fighting
  1897 | D:2      | Reached XP level 4. HP: 27/28 MP: 7/7
  1901 | D:2      | Learned a level 3 spell: Ozocubu's Armour
  2316 | D:3      | Reached skill level 4 in Stealth
  2316 | D:3      | Reached XP level 5. HP: 33/33 MP: 2/9
  3326 | D:4      | Reached skill level 1 in Summonings
  3326 | D:4      | Reached XP level 6. HP: 39/39 MP: 10/10
  3498 | D:4      | Noticed Edmund
  3519 | D:4      | Killed Edmund
  3520 | D:4      | Reached skill level 5 in Stealth
  3681 | D:4      | Reached XP level 7. HP: 42/45 MP: 4/12
  4343 | D:5      | Entered Level 5 of the Dungeon
  4360 | D:5      | Found a glowing drain.
  4457 | Sewer    | Entered a sewer
  4639 | Sewer    | Reached skill level 6 in Stealth
  4802 | Sewer    | Reached skill level 5 in Ice Magic
  5190 | D:5      | Reached XP level 8. HP: 45/52 MP: 14/14
  6106 | D:6      | Learned a level 4 spell: Summon Ice Beast
  6298 | D:6      | Found an ornate altar of the Wu Jian Council.
  6331 | D:6      | Reached skill level 5 in Dodging
  6331 | D:6      | Reached skill level 7 in Stealth
  6670 | D:6      | Found a shimmering blue altar of Sif Muna.
  6955 | D:6      | Reached XP level 9. HP: 51/59 MP: 9/16
  7046 | D:6      | Found a staircase to the Ecumenical Temple.
  7054 | Temple   | Entered the Ecumenical Temple
  7224 | D:7      | Reached skill level 5 in Spellcasting
  7248 | D:7      | Reached skill level 8 in Stealth
  7379 | D:7      | Found an opulent altar of Gozag.
  7524 | D:7      | Became a worshipper of Gozag Ym Sagoz the Greedy
  7854 | D:7      | Noticed Maggie
  7868 | D:7      | Killed Maggie
  7869 | D:7      | Reached skill level 5 in Fighting
  8131 | D:8      | Reached skill level 9 in Stealth
  8182 | D:8      | Noticed Grum
  8189 | D:8      | Noticed a cyclops
  8193 | D:8      | Hit by a large rock thrown by a cyclops

Illustrated notes

Levels and vault maps discovered:
D:1:      dpeg_arrival_rooms_c, layout_loops_corners
D:2:      layout_basic, basic_altar, minmay_misc_feat_nine_boxes,
          minmay_octomino_j4
D:3:      layout_loops_corners
D:4:      layout_basic, uniq_edmund
D:5:      nicolae_cairo_tiling, layout_basic, portal_sewer_entry_a,
          corexii_checkpoint_a
D:6:      layout_basic, led_sif_pool, mainiacjoe_overflow_alcove_2,
          minmay_temple_entry_gardened_gates
D:7:      layout_basic, lemuel_tele_altar, uniq_maggie
D:8:      layout_cave_pools, slow_altar_1, palyth_stone_intersect, minivault_1,
          kb_rosetta, uniq_grum
Temple:   cyrus_temple_forest

Skill      XL: |  1  2  3  4  5  6  7  8  9 |
---------------+----------------------------+-----
Stealth        | 3 4 5 6 7 9 |  9.3
Fighting       | 1 2 3 4 5 |  5.4
Dodging        | 3 4 5 6 |  6.6
Spellcasting   | 3 4 5 |  5.5
Summonings     | 1 2 3 |  3.9
Ice Magic      | 5 6 |  6.1

Action                     |  1- 3 |  4- 6 |  7- 9 || total
---------------------------+-------+-------+-------++-------
  Melee: Unarmed           |    17 |       |       ||    17
         Constrict         |    15 |    17 |    48 ||    80
         Tentacles         |    11 |    16 |    60 ||    87
         Dagger            |    24 |       |       ||    24
         Short sword       |    15 |    52 |   233 ||   300
         Punch             |       |     2 |     2 ||     4
  Throw: Dart              |       |     1 |    12 ||    13
         Throwing net      |       |       |     1 ||     1
   Cast: Freeze            |    17 |    10 |    16 ||    43
         Frozen Ramparts   |       |     9 |    33 ||    42
         Ozocubu's Armour  |       |     7 |    32 ||    39
         Summon Ice Beast  |       |       |     3 ||     3
    Use: Potion            |     3 |     1 |     4 ||     8
         Scroll            |       |     5 |     5 ||    10
   Stab: Sleeping          |    17 |     6 |    20 ||    43
         Held in net/web   |       |       |     1 ||     1
 Armour: Skin              |    25 |    23 |   180 ||   228
  Dodge: Dodged            |    30 |    25 |   217 ||   272

Table legend: (Time is in decaauts)
 A = Elapsed time spent in this place.
 B = Non-inter-level travel time spent in this place.
 C = Inter-level travel time spent in this place.
 D = Time resting spent in this place.
 E = Time spent auto-exploring this place.
 F = Levels seen in this place.
 G = Mean time per level.
                   A        B        C        D        E       F      G
               +--------+--------+--------+--------+--------+-----+--------+
         Total |   8212 |   7901 |    311 |   1089 |   5157 |  10 |  821.2 |
       Dungeon |   7445 |   7170 |    275 |   1004 |   4801 |   8 |  930.6 |
        Temple |     76 |     41 |     35 |      0 |      0 |   1 |   76.0 |
         Sewer |    690 |    690 |      0 |     85 |    356 |   1 |  690.0 |
               +--------+--------+--------+--------+--------+-----+--------+

Top non-repeatable levels by time:
     D:3: 1229 daAuts
     D:1: 1190 daAuts
     D:6: 1103 daAuts
     D:4: 1070 daAuts
     D:5: 967 daAuts
     D:7: 874 daAuts
     D:2: 818 daAuts
   Sewer: 690 daAuts
     D:8: 190 daAuts
  Temple: 76 daAuts
